TOP OF THE 1ST |
Colorado Rockies batting - Pitching for San Diego Padres : LHP Matt Wheeler
|
Pitching: LHP Matt Wheeler
|
|
Batting: RHB Joel Haycock
|
0-0: Foul Ball, location: 2F 0-1: Ball 1-1: Swinging Strike 1-2: Fly out, F3 (Popup, 3SF, EV 80.6 MPH)
|
Batting: RHB Roberto Rodriguez
|
0-0: Called Strike 0-1: Ground out 6-3 (Groundball, 6, EV 86.3 MPH)
|
Batting: SHB Chris Blue
|
0-0: Foul Ball, location: 2F 0-1: Swinging Strike 0-2: Foul Ball, location: 2F 0-2: Ball 1-2: Foul Ball, location: 2F 1-2: Foul Ball, location: 2F 1-2: Strikes out swinging
|
Top of the 1st over - 0 runs, 0 hits, 0 errors, 0 left on base; Colorado 0 - San Diego 0 |
BOTTOM OF THE 1ST |
San Diego Padres batting - Pitching for Colorado Rockies : RHP Isaac Spikes
|
Pitching: RHP Isaac Spikes
|
|
Batting: LHB Andy Bowman
|
0-0: Ball 1-0: Ball 2-0: Foul Ball, location: 2F 2-1: Ball 3-1: Reached on error, E4 (Groundball, 34, EV 102.5 MPH)
|
Batting: RHB Chiel Palstermans
|
0-0: Ball 1-0: Called Strike 1-1: Ground out 6-3 (Groundball, 6, EV 88.1 MPH) Andy Bowman to third
|
Batting: LHB Mike Holt
|
0-0: Swinging Strike 0-1: Ball 1-1: SINGLE (Line Drive, 78M, EV 104.4 MPH) Andy Bowman scores
|
Batting: LHB Aaron LeBlanc
|
0-0: Foul Ball, location: 2F 0-1: Ball 1-1: Ball 2-1: Ball 3-1: Base on Balls Mike Holt to second
|
Batting: RHB Alois Wollf
|
0-0: Ball 1-0: Ball 2-0: Ball 3-0: SINGLE (Line Drive, 9S, EV 95.0 MPH) Mike Holt to third Aaron LeBlanc to second Runner from 3rd tries for Home, throw by RF and OUT! 9-2
|
Batting: LHB Conrad Taylor
|
0-0: Called Strike 0-1: Swinging Strike 0-2: Ball 1-2: Strikes out swinging
|
Bottom of the 1st over - 1 run, 2 hits, 1 error, 2 left on base; Colorado 0 - San Diego 1 |
TOP OF THE 2ND |
Colorado Rockies batting - Pitching for San Diego Padres : LHP Matt Wheeler
|
Batting: RHB Chad Thompson
|
0-0: SINGLE (Line Drive, 9S, EV 99.4 MPH)
|
Batting: RHB Sterling Acosta
|
0-0: Foul Ball, location: 2F 0-1: Called Strike Chad Thompson steals 2nd base 0-2: Ball 1-2: Strikes out looking
|
Batting: RHB Stephen Charbonneau
|
0-0: Ball 1-0: Ball 2-0: Ball 3-0: Called Strike 3-1: Foul Ball, location: 2F 3-2: Strikes out swinging
|
Batting: RHB Leo Mair
|
0-0: Called Strike 0-1: Ball 1-1: 2-RUN HOME RUN (Flyball, 7LD, EV 94.4 MPH), Distance : 360 ft
|
Batting: LHB Chris Locklear
|
0-0: Foul Ball, location: 2F 0-1: Fly out, F8 (Flyball, 8RS, EV 85.6 MPH)
|
Top of the 2nd over - 2 runs, 2 hits, 0 errors, 0 left on base; Colorado 2 - San Diego 1 |
BOTTOM OF THE 2ND |
San Diego Padres batting - Pitching for Colorado Rockies : RHP Isaac Spikes
|
Batting: LHB Chris Moody
|
0-0: Ball 1-0: Called Strike 1-1: Foul Ball, location: 2F 1-2: Foul Ball, location: 2F 1-2: Ball 2-2: Ground out 4-3 (Groundball, 4D, EV 105.6 MPH)
|
Batting: RHB Jose Morrissey
|
0-0: Called Strike 0-1: Foul Ball, location: 2F 0-2: Foul Ball, location: 2F 0-2: Foul Ball, location: 2F 0-2: Fly out, F8 (Flyball, 8LXD, EV 90.6 MPH)
|
Batting: RHB Ben Zeiler
|
0-0: Called Strike 0-1: Ball 1-1: Ball 2-1: Ball 3-1: Ground out 3-1 (Groundball, 34S, EV 79.4 MPH)
|
Bottom of the 2nd over - 0 runs, 0 hits, 0 errors, 0 left on base; Colorado 2 - San Diego 1 |
TOP OF THE 3RD |
Colorado Rockies batting - Pitching for San Diego Padres : LHP Matt Wheeler
|
Batting: LHB Robert Watson
|
0-0: Swinging Strike 0-1: Swinging Strike 0-2: Ball 1-2: Ball 2-2: Ball 3-2: Ground out 6-3 (Groundball, 4MD, EV 82.5 MPH)
|
Batting: RHB Joel Haycock
|
0-0: Ball 1-0: Ball 2-0: Called Strike 2-1: Ball 3-1: Swinging Strike 3-2: Strikes out looking
|
Batting: RHB Roberto Rodriguez
|
0-0: Called Strike 0-1: Ball 1-1: Foul Ball, location: 2F 1-2: Strikes out swinging
|
Top of the 3rd over - 0 runs, 0 hits, 0 errors, 0 left on base; Colorado 2 - San Diego 1 |
BOTTOM OF THE 3RD |
San Diego Padres batting - Pitching for Colorado Rockies : RHP Isaac Spikes
|
Batting: LHB Andy Bowman
|
0-0: Ball 1-0: Ball 2-0: Swinging Strike 2-1: Ball 3-1: Called Strike 3-2: Strikes out swinging
|
Batting: RHB Chiel Palstermans
|
0-0: Fly out, F9 (Flyball, 9, EV 95.6 MPH)
|
Batting: LHB Mike Holt
|
0-0: Ball 1-0: Ball 2-0: Ball 3-0: Base on Balls
|
Batting: LHB Aaron LeBlanc
|
0-0: Ground out U3 (Groundball, 3S, EV 82.5 MPH)
|
Bottom of the 3rd over - 0 runs, 0 hits, 0 errors, 1 left on base; Colorado 2 - San Diego 1 |
TOP OF THE 4TH |
Colorado Rockies batting - Pitching for San Diego Padres : LHP Matt Wheeler
|
Batting: SHB Chris Blue
|
0-0: Ball 1-0: Foul Ball, location: 2F 1-1: Ball 2-1: Foul Ball, location: 2F 2-2: Strikes out swinging, 2-3 out at first.
|
Batting: RHB Chad Thompson
|
0-0: Swinging Strike 0-1: Ground out 6-3 (Groundball, 6, EV 104.4 MPH)
|
Batting: RHB Sterling Acosta
|
0-0: Ball 1-0: Called Strike 1-1: Called Strike 1-2: Ball 2-2: Ball 3-2: Strikes out swinging
|
Top of the 4th over - 0 runs, 0 hits, 0 errors, 0 left on base; Colorado 2 - San Diego 1 |
BOTTOM OF THE 4TH |
San Diego Padres batting - Pitching for Colorado Rockies : RHP Isaac Spikes
|
Batting: RHB Alois Wollf
|
0-0: Called Strike 0-1: Swinging Strike 0-2: Ball 1-2: Strikes out swinging
|
Batting: LHB Conrad Taylor
|
0-0: Ball 1-0: Ball 2-0: Foul Ball, location: 2F 2-1: SINGLE (Line Drive, 89S, EV 105.6 MPH)
|
Batting: LHB Chris Moody
|
0-0: Swinging Strike 0-1: Called Strike 0-2: Strikes out swinging
|
Batting: RHB Jose Morrissey
|
0-0: Ball 1-0: 2-RUN HOME RUN (Flyball, 7LD, EV 98.8 MPH), Distance : 359 ft
|
Batting: RHB Ben Zeiler
|
0-0: Ball 1-0: SINGLE (Groundball, 6MS, EV 68.1 MPH) (infield hit)
|
Batting: LHB Andy Bowman
|
0-0: Ball 1-0: SINGLE (Groundball, 34D, EV 98.1 MPH) (infield hit) Ben Zeiler to second
|
Batting: RHB Chiel Palstermans
|
0-0: Fielders Choice at 2nd, 6-4 (Groundball, 6, EV 90.0 MPH)
|
Bottom of the 4th over - 2 runs, 4 hits, 0 errors, 2 left on base; Colorado 2 - San Diego 3 |
TOP OF THE 5TH |
Colorado Rockies batting - Pitching for San Diego Padres : LHP Matt Wheeler
|
Pitching: RHP Jon Hoke
|
|
Batting: RHB Stephen Charbonneau
|
0-0: Ball 1-0: Ball 2-0: Called Strike 2-1: Foul Ball, location: 2F 2-2: Strikes out looking
|
Batting: RHB Leo Mair
|
0-0: Called Strike 0-1: Swinging Strike 0-2: Ball 1-2: Fly out, F5 (Popup, 25F, EV 93.1 MPH)
|
Batting: LHB Chris Locklear
|
0-0: Called Strike 0-1: Ball 1-1: Ball 2-1: Ground out 6-3 (Groundball, 6, EV 90.0 MPH)
|
Top of the 5th over - 0 runs, 0 hits, 0 errors, 0 left on base; Colorado 2 - San Diego 3 |
BOTTOM OF THE 5TH |
San Diego Padres batting - Pitching for Colorado Rockies : RHP Isaac Spikes
|
Pitching: LHP Dave Burridge
|
|
Batting: LHB Mike Holt
|
0-0: Called Strike 0-1: Ball 1-1: Swinging Strike 1-2: Ball 2-2: Strikes out swinging
|
Batting: LHB Aaron LeBlanc
|
0-0: Called Strike 0-1: Ball 1-1: Called Strike 1-2: Foul Ball, location: 2F 1-2: SINGLE (Groundball, 6MD, EV 100.6 MPH)
|
Batting: RHB Alois Wollf
|
0-0: Ball 1-0: Foul Ball, location: 2F 1-1: Swinging Strike 1-2: Ball 2-2: 2-RUN HOME RUN (Flyball, 89XD, EV 103.8 MPH), Distance : 419 ft
|
Batting: LHB Conrad Taylor
|
0-0: Called Strike 0-1: Ball 1-1: SINGLE (Groundball, 4MD, EV 110.0 MPH)
|
Batting: LHB Chris Moody
|
0-0: Swinging Strike 0-1: Ball 1-1: Ball 2-1: Foul Ball, location: 2F 2-2: TRIPLE (Flyball, 7LD, EV 96.9 MPH) Conrad Taylor scores
|
Batting: RHB Jose Morrissey
|
0-0: Fly out, F9 (Flyball, 9, EV 90.0 MPH)
|
Batting: RHB Ben Zeiler
|
0-0: Ball 1-0: Fly out, F9 (Line Drive, 9, EV 88.1 MPH)
|
Bottom of the 5th over - 3 runs, 4 hits, 0 errors, 1 left on base; Colorado 2 - San Diego 6 |
TOP OF THE 6TH |
Colorado Rockies batting - Pitching for San Diego Padres : RHP Jon Hoke
|
Batting: LHB Robert Watson
|
0-0: Ball 1-0: Swinging Strike 1-1: Ball 2-1: Ball 3-1: Ground out 5-3 (Groundball, 56D, EV 108.8 MPH)
|
Batting: RHB Joel Haycock
|
0-0: Called Strike 0-1: Called Strike 0-2: Ball 1-2: Ball 2-2: Foul Ball, location: 2F 2-2: Fly out, F9 (Flyball, 9, EV 84.4 MPH)
|
Batting: RHB Roberto Rodriguez
|
0-0: Ball 1-0: Foul Ball, location: 2F 1-1: Ball 2-1: Called Strike 2-2: Ground out 6-3 (Groundball, 56, EV 82.5 MPH)
|
Top of the 6th over - 0 runs, 0 hits, 0 errors, 0 left on base; Colorado 2 - San Diego 6 |
BOTTOM OF THE 6TH |
San Diego Padres batting - Pitching for Colorado Rockies : LHP Dave Burridge
|
Pitching: RHP Gabe Baxter
|
|
Pinch Hitting: LHB Ryan Flynn Jr.
|
0-0: Called Strike 0-1: Foul Ball, location: 2F 0-2: Ball 1-2: Ball 2-2: Ball 3-2: Base on Balls
|
Pinch Hitting: RHB Alberto Cotto
|
0-0: Called Strike 0-1: Swinging Strike 0-2: Ball 1-2: Strikes out swinging
|
Pinch Hitting: LHB Per Meulengracht
|
0-0: Called Strike 0-1: Fielders Choice at 2nd, 3-6 (Groundball, 34, EV 86.9 MPH)
|
Pinch Hitting: RHB Bobby Ayala
|
0-0: Fly out, F7 (Line Drive, 7D, EV 90.0 MPH)
|
Bottom of the 6th over - 0 runs, 0 hits, 0 errors, 1 left on base; Colorado 2 - San Diego 6 |
TOP OF THE 7TH |
Colorado Rockies batting - Pitching for San Diego Padres : RHP Jon Hoke
|
Pitching: RHP Jason Decker
|
|
Now at 1B: Bobby Ayala
|
|
Now at SS: Alberto Cotto
|
|
Now in LF: Per Meulengracht
|
|
Now in CF: Ryan Flynn Jr.
|
|
Now in RF: Chris Moody
|
|
Batting: SHB Chris Blue
|
0-0: Ball 1-0: SINGLE (Groundball, 6S, EV 90.6 MPH) (infield hit)
|
Batting: RHB Chad Thompson
|
0-0: Ball 1-0: Foul Ball, location: 2F 1-1: Called Strike 1-2: 2-RUN HOME RUN (Flyball, 8LXD, EV 110.0 MPH), Distance : 445 ft
|
Batting: RHB Sterling Acosta
|
0-0: Ball 1-0: Ball 2-0: Called Strike 2-1: Fly out, F8 (Line Drive, 8LD, EV 103.8 MPH)
|
Batting: RHB Stephen Charbonneau
|
0-0: Foul Ball, location: 2F 0-1: Fly out, F9 (Flyball, 89S, EV 85.6 MPH)
|
Batting: RHB Leo Mair
|
0-0: Ball 1-0: Foul Ball, location: 2F 1-1: Ball 2-1: Ground out 6-3 (Groundball, 6S, EV 83.8 MPH)
|
Top of the 7th over - 2 runs, 2 hits, 0 errors, 0 left on base; Colorado 4 - San Diego 6 |
BOTTOM OF THE 7TH |
San Diego Padres batting - Pitching for Colorado Rockies : RHP Gabe Baxter
|
Pinch Hitting: SHB Jerry Luckwell
|
0-0: Called Strike 0-1: Called Strike 0-2: Ball 1-2: Foul Ball, location: 2F 1-2: Ball 2-2: Fly out, F8 (Flyball, 8LS, EV 87.5 MPH)
|
Batting: RHB Matthew Starr
|
0-0: Ground out 5-3 (Groundball, 5L, EV 103.1 MPH)
|
Pinch Hitting: RHB Carlos Reyes
|
0-0: Called Strike 0-1: Ball 1-1: Called Strike 1-2: Strikes out swinging
|
Bottom of the 7th over - 0 runs, 0 hits, 0 errors, 0 left on base; Colorado 4 - San Diego 6 |
TOP OF THE 8TH |
Colorado Rockies batting - Pitching for San Diego Padres : RHP Jason Decker
|
Now at 2B: Jerry Luckwell
|
|
Now in RF: Carlos Reyes
|
|
Batting: LHB Chris Locklear
|
0-0: Ground out U3 (Groundball, 3, EV 88.8 MPH)
|
Batting: LHB Robert Watson
|
0-0: Ball 1-0: Called Strike 1-1: Ball 2-1: Ball 3-1: Swinging Strike 3-2: Strikes out looking
|
Pitching: RHP Travis White
|
|
Batting: RHB Joel Haycock
|
0-0: Fly out, F9 (Flyball, 89S, EV 94.4 MPH)
|
Top of the 8th over - 0 runs, 0 hits, 0 errors, 0 left on base; Colorado 4 - San Diego 6 |
BOTTOM OF THE 8TH |
San Diego Padres batting - Pitching for Colorado Rockies : RHP Gabe Baxter
|
Pitching: RHP Terry Huffmaster
|
|
Batting: RHB Jose Morrissey
|
0-0: SINGLE (Groundball, 6MD, EV 97.5 MPH)
|
Batting: RHB Ben Zeiler
|
0-0: Called Strike 0-1: Swinging Strike 0-2: Ball 1-2: Ball 2-2: Ball 3-2: Base on Balls Jose Morrissey to second
|
Batting: LHB Ryan Flynn Jr.
|
0-0: Sac Bunt to 2R - play at first, batter OUT! 2-3 Jose Morrissey to third Ben Zeiler to second
|
Batting: RHB Alberto Cotto
|
0-0: Called Strike 0-1: Ball 1-1: Foul Ball, location: 2F 1-2: Ground out U3 (Groundball, 3, EV 81.3 MPH)
|
Batting: LHB Per Meulengracht
|
0-0: Ball 1-0: Ball 2-0: Ground out 5-3 (Groundball, 5, EV 80.0 MPH)
|
Bottom of the 8th over - 0 runs, 1 hit, 0 errors, 2 left on base; Colorado 4 - San Diego 6 |
TOP OF THE 9TH |
Colorado Rockies batting - Pitching for San Diego Padres : RHP Travis White
|
Pitching: RHP Raul Almonte
|
|
Pinch Hitting: RHB Kian-tat Chen
|
0-0: Ball 1-0: Called Strike 1-1: Foul Ball, location: 2F 1-2: Strikes out swinging
|
Pinch Hitting: RHB Kennet Strijbis
|
0-0: Ball 1-0: Ground out 3-1 (Groundball, 34S, EV 78.1 MPH)
|
Pinch Hitting: RHB Jason Andrews
|
0-0: Ground out 1-3 (Groundball, P, EV 61.3 MPH)
|
Top of the 9th over - 0 runs, 0 hits, 0 errors, 0 left on base; Colorado 4 - San Diego 6 |
|